 Dungeon Crawl Stone Soup version 0.26.1-2-gb8aa6d0cf2 (webtiles) character file.

Game seed: 4231813826246884246

40 Gabide the Covered (level 3, -6/30 HPs)
             Began as a Barachi Fighter on Feb 19, 2021.
             Mangled by Natasha (7 damage)
             ... on level 2 of the Dungeon.
             The game lasted 00:00:49 (778 turns).

Gabide the Covered (Barachi Fighter)                 Turns: 778, Time: 00:00:49

Health: -6/30      AC:  7    Str: 18    XL:     3   Next: 50%
Magic:  3/3        EV:  7    Int:  8    God:
Gold:   46         SH:  9    Dex: 11    Spells: 2/2 levels left

rFire    . . .     SeeInvis .   a - +0 long sword
rCold    . . .     Faith    .   c - +0 kite shield
rNeg     . . .     Spirit   .   b - +0 scale mail
rPois    .         Reflect  .   (no helmet)
rElec    .         Harm     .   (no cloak)
rCorr    .         Rampage  .   (no gloves)
Will     .....                  (no boots)
Stlth    ..........             (no amulet)
HPRegen  0.10/turn              (no ring)
MPRegen  0.08/turn              (no ring)

@: mighty, slow
A: +LOS, swims, slowness 1, strong legs 1
a: Hop


You were on level 2 of the Dungeon.
You visited 1 branch of the dungeon, and saw 2 of its levels.

You collected 46 gold pieces.

Inventory:

Hand Weapons
 a - a +0 long sword (weapon)
Armour
 b - a +0 scale mail (worn)
 c - a +0 kite shield (worn)
Scrolls
 e - a scroll of random uselessness {unknown}
 f - a scroll of teleportation {unknown}
 h - a scroll of immolation {unknown}
 i - 2 scrolls of identify {unknown}
 j - a scroll of fog {unknown}
Potions
 g - a potion of haste {unknown}


   Skills:
 + Level 3.8 Fighting
 * Level 1.1(2.1) Short Blades
 + Level 3.0(3.2) Long Blades
 + Level 4.1 Armour
 + Level 0.3 Dodging
 + Level 3.6 Shields


You had 2 spell levels left.
You didn't know any spells.
Your spell library was empty.

Dungeon Overview and Level Annotations

Branches:
Dungeon (2/15)

Altars:

Annotations:
D:2 Natasha


Innate Abilities, Weirdness & Mutations

You can be seen from farther away. (+LOS)
You can swim through water.
You cover ground slowly.
You can hop short distances.


Message History

You hit the iron imp.
The iron imp is lightly wounded.
Something claws you. The iron imp barely misses you. Something claws you.
The iron imp barely misses you.
You riposte.
You closely miss the iron imp. You miss something.
You hear some strange, mumbled words.
The iron imp hits you. You block the iron imp's attack.
You hit something. You block something's attack.
The crimson imp blinks!
The iron imp hits you.
* * * LOW HITPOINT WARNING * * *
You block the iron imp's attack.
You feel very mighty all of a sudden. Something claws you but does no damage.
The iron imp hits you but does no damage.
You block the iron imp's attack.
You barely miss something. Something claws you.
* * * LOW HITPOINT WARNING * * *
The iron imp hits you but does no damage.
Something claws you!
You die...

. . . # # # #. #
#.########### #
#.5.........# #
#..@5...###.########
.....5######.#
#......... #### #.#
##......<. #.#
#.###.###
##.####.###.#
.............#
##############


You could see 2 iron imps and a crimson imp (summoned).

Vanquished Creatures
  A worm (D:2)
  2 dart slugs (D:1)
  3 leopard geckos (D:1)
  2 bats
  2 giant cockroaches (D:1)
  4 goblins (D:1)
  4 hobgoblins
  4 kobolds (D:1)
  A ball python (D:1)
  3 frilled lizards (D:1)
  3 rats (D:1)
29 creatures vanquished.

Notes
Turn   | Place    | Note
-------+----------+-------------------------------------------
     0 | D:1      | Gabide the Barachi Fighter began the quest for the Orb.
     0 | D:1      | Reached XP level 1. HP: 18/18 MP: 1/1
    31 | D:1      | Reached XP level 2. HP: 20/25 MP: 2/2
    38 | D:1      | Reached skill level 4 in Armour
   289 | D:1      | Reached XP level 3. HP: 27/30 MP: 3/3
   295 | D:1      | Reached skill level 1 in Short Blades
   767 | D:2      | Noticed Natasha
   778 | D:2      | HP: 1/30 [something (4)]
   778 | D:2      | Mangled by Natasha

Illustrated notes

Levels and vault maps discovered:
D:1:      wander_arrival_peaceful_grave, layout_rooms
D:2:      layout_loops_ring, vehumet_crystals, uniq_natasha

Skill      XL: |  1  2  3 |
---------------+----------+-----
Armour         | 4 |  4.1
Short Blades   | 1 |  1.1
Long Blades    | 3 |  3.0
Fighting       | |  3.8
Dodging        | |  0.3
Shields        | |  3.6

Action                   || total
-------------------------++-------
Melee: Long sword        ||   103
  Use: Potion            ||     1
Armor: Scale mail        ||    43
Dodge: Dodged            ||    38
Block: Kite shield       ||    72
       Rpst.: Long sword ||    10
